 Dungeon Crawl Stone Soup version 0.26-a0-812-g31a745ddcd (webtiles) character file.

Game seed: 8608551738150137422

883 tilp the Covert (level 8, -4/67 HPs)
             Began as a Gnoll Delver on Dec 2, 2020.
             Was a Follower of Makhleb.
             Slain by an ogre
             ... wielding a +0 giant club
              (13 damage)
             ... on level 6 of the Dungeon.
             The game lasted 00:12:53 (6401 turns).

tilp the Covert (Gnoll Delver)                      Turns: 6401, Time: 00:12:54

Health: -4/67      AC: 11    Str: 14    XL:     8   Next: 5%
Magic:  12/12      EV:  8    Int: 15    God:    Makhleb [*.....]
Gold:   307        SH:  0    Dex: 17    Spells: 12/12 levels left

rFire    . . .     SeeInvis .   y - +2 trident (protect)
rCold    . . .     Faith    .   (no shield)
rNeg     . . .     Spirit   .   H - +0 chain mail
rPois    .         Reflect  .   (no helmet)
rElec    .         Harm     .   (no cloak)
rCorr    .         Rampage  .   w - +0 pair of gloves
MR       .....                  K - +0 pair of boots
Stlth    +.........             (no amulet)
HPRegen  0.21/turn              (no ring)
MPRegen  0.13/turn              (no ring)

@: lightly drained
A: distributed training, fangs 1, strong nose
a: Renounce Religion


You were on level 6 of the Dungeon.
You worshipped Makhleb.
Makhleb was aware of your devotion.
You visited 1 branch of the dungeon, and saw 6 of its levels.
You also visited: Sewer.

You collected 307 gold pieces.

Inventory:

Hand Weapons
 b - a +0 whip of electrocution
 m - a cursed +5 scimitar
 x - a +0 hunting sling
 y - a +2 trident of protection (weapon)
 I - a cursed -1 trident
Missiles
 o - 180 stones (quivered)
 p - 27 sling bullets
 u - 34 poisoned darts
 z - 19 bolts
 B - 89 arrows
Armour
 w - a +0 pair of gloves (worn)
 D - a +2 robe of fire resistance
 H - a +0 chain mail (worn)
 K - a +0 pair of boots (worn)
Jewellery
 l - an uncursed ring of wizardry {unknown}
 C - a +4 ring of protection {unknown}
Wands
 g - a wand of digging (3)
 J - a wand of random effects (16)
Scrolls
 c - 2 scrolls of fog
 i - a scroll of blinking {unknown}
 j - 4 scrolls of teleportation
 F - a scroll of enchant weapon {unknown}
 G - 2 scrolls of magic mapping
Potions
 d - 4 potions of flight
 f - 2 potions of haste
 h - 2 potions of invisibility
 k - 2 potions of brilliance
 n - 2 potions of magic
 q - a potion of might {unknown}
 s - 3 potions of berserk rage
 t - 6 potions of curing
 v - a potion of cancellation {unknown}
 A - 2 potions of mutation {unknown}
 E - 3 potions of ambrosia


   Skills:
 + Level 7.2(6.8) Fighting
 + Level 2.9(2.5) Short Blades
 + Level 2.9(2.5) Long Blades
 + Level 2.9(2.5) Axes
 + Level 5.4(5.0) Maces & Flails
 + Level 2.9(2.5) Polearms
 + Level 2.9(2.5) Staves
 + Level 2.9(2.5) Slings
 + Level 2.9(2.5) Bows
 + Level 2.9(2.5) Crossbows
 + Level 2.9(2.5) Throwing
 + Level 2.9(2.5) Armour
 + Level 5.4(5.0) Dodging
 + Level 10.0(9.5) Stealth
 + Level 2.9(2.5) Shields
 + Level 2.9(2.5) Unarmed Combat
 + Level 2.9(2.5) Spellcasting
 + Level 2.3(2.0) Conjurations
 + Level 2.3(2.0) Hexes
 + Level 2.3(2.0) Summonings
 + Level 2.3(2.0) Necromancy
 + Level 2.3(2.0) Translocations
 + Level 2.3(2.0) Transmutations
 + Level 2.3(2.0) Fire Magic
 + Level 2.3(2.0) Ice Magic
 + Level 2.3(2.0) Air Magic
 + Level 2.3(2.0) Earth Magic
 + Level 2.3(2.0) Poison Magic
 + Level 3.2(2.8) Invocations
 + Level 2.9(2.5) Evocations


You had 12 spell levels left.
You didn't know any spells.
Your spell library contained the following spells:

 Spells                   Type           Power        Failure   Level
 Summon Small Mammal      Summ           #...         94%         1
 Call Imp                 Summ           #.......     98%         2
 Call Canine Familiar     Summ           #.......     100%        3
 Summon Guardian Golem    Hex/Summ       #.......     100%        3
 Summon Ice Beast         Ice/Summ       #.......     100%        4
 Summon Lightning Spire   Summ/Air       #.......     100%        4


Dungeon Overview and Level Annotations

Branches:
Dungeon (6/15)              Sewer (visited)
 Temple: D:4-7

Altars:
Fedhas
Makhleb
Vehumet


Innate Abilities, Weirdness & Mutations

Your experience applies equally to all skills.
You have very sharp teeth.
Your uncanny sense of smell can sniff out nearby items.


Message History

The orc wizard casts a spell at you. The puff of frost hits you.
* * * LOW HITPOINT WARNING * * *
The bullfrog closely misses you.
The orc moves out of view.
Found a white potion.
An orc wizard comes into view. It is wielding a +0 dagger.
As you read the scroll of fear, it crumbles to dust.
You assume a fearsome visage.
The gnoll looks frightened!
The shadow imp is unaffected.
The bullfrog looks frightened!
The hound skeleton is unaffected.
The leopard gecko skeleton is unaffected.
The orc warrior looks frightened!
The orc wizard looks frightened!
The orc wizard shouts!
The orc wizard looks frightened!
The ogre easily resists.
The hound looks frightened!
The gnoll gives up.
The shadow imp laughs crazily.
The orc wizard gestures wildly while chanting.
The orc wizard flickers and vanishes!
The ogre hits you with a +0 giant club!
You die...

##.... #....).## ## o
#......?#....#..####. o
#!..8..!##..###......
o.
#......∆##'##......#†
.. #.....##..#######...
#{ Z..##....# ###..##
##.. #'#Zg...###...##
#....##ZF##..##.#.###
#....'@O..#####...#####
##..##....# #........#
# ##..## #........#
#### #..††....#
#........# #........#
#........# ∆ #........#
##########


You could see an orc warrior (fleeing), an ogre, a bullfrog (fleeing), an orc
wizard (fleeing), a gnoll (fleeing), a leopard gecko skeleton and a hound
skeleton.

Vanquished Creatures
  2 ice beasts (D:5)
  A wight (D:6)
  A howler monkey (D:6)
  2 hounds
  A centaur zombie (D:5)
  A bullfrog zombie (D:5)
  A centaur skeleton (D:5)
  A bullfrog skeleton (D:5)
  An iguana (D:4)
  3 worker ants
  2 worker ant zombies (D:5)
  11 adders
  A gnoll (D:3)
  A shadow imp (D:6)
  2 ufetubi (D:5)
  4 oozes
  9 worms
  2 dart slugs
  9 leopard geckos
  17 orcs
  2 ball pythons (Sewer)
  10 bats
  7 giant cockroaches
  11 goblins
  10 hobgoblins
  9 jackals
  2 quokkas
  7 frilled lizards
  A jackal zombie (D:5)
  4 kobolds
  3 rats
138 creatures vanquished.

Vanquished Creatures (others)
  6 fungi (D:4)
  2 plants (D:4)
8 creatures vanquished.

Grand Total: 146 creatures vanquished

Notes
Turn   | Place    | Note
-------+----------+-------------------------------------------
     0 | D:5      | Reached skill level 9 in Stealth
     0 | D:5      | tilp the Gnoll Delver began the quest for the Orb.
     0 | D:5      | Reached XP level 1. HP: 23/23 MP: 1/1
     5 | D:5      | Found a glowing drain.
    48 | D:5      | Reached XP level 2. HP: 17/29 MP: 2/2
   116 | Sewer    | Entered a sewer
   453 | Sewer    | Reached XP level 3. HP: 33/35 MP: 3/3
   793 | Sewer    | Reached skill level 1 in Invocations
  1044 | Sewer    | Reached skill level 1 in Short Blades
  1044 | Sewer    | Reached skill level 1 in Long Blades
  1044 | Sewer    | Reached skill level 1 in Axes
  1044 | Sewer    | Reached skill level 1 in Polearms
  1044 | Sewer    | Reached skill level 1 in Staves
  1044 | Sewer    | Reached skill level 1 in Slings
  1044 | Sewer    | Reached skill level 1 in Bows
  1044 | Sewer    | Reached skill level 1 in Crossbows
  1044 | Sewer    | Reached skill level 1 in Throwing
  1044 | Sewer    | Reached skill level 1 in Armour
  1044 | Sewer    | Reached skill level 1 in Shields
  1044 | Sewer    | Reached skill level 1 in Unarmed Combat
  1044 | Sewer    | Reached skill level 1 in Spellcasting
  1044 | Sewer    | Reached skill level 1 in Evocations
  1437 | D:5      | Reached XP level 4. HP: 41/41 MP: 5/5
  1665 | D:4      | Reached skill level 1 in Conjurations
  1665 | D:4      | Reached skill level 1 in Hexes
  1665 | D:4      | Reached skill level 1 in Summonings
  1665 | D:4      | Reached skill level 1 in Necromancy
  1665 | D:4      | Reached skill level 1 in Translocations
  1665 | D:4      | Reached skill level 1 in Transmutations
  1665 | D:4      | Reached skill level 1 in Fire Magic
  1665 | D:4      | Reached skill level 1 in Ice Magic
  1665 | D:4      | Reached skill level 1 in Air Magic
  1665 | D:4      | Reached skill level 1 in Earth Magic
  1665 | D:4      | Reached skill level 1 in Poison Magic
  2181 | D:4      | Reached XP level 5. HP: 36/47 MP: 6/6
  3557 | D:2      | Found a burning altar of Makhleb.
  3563 | D:2      | Became a worshipper of Makhleb the Destroyer
  4129 | D:3      | Reached XP level 6. HP: 53/53 MP: 8/8
  4704 | D:4      | Found a blossoming altar of Fedhas.
  4865 | D:4      | Reached * piety under Makhleb
  5016 | D:4      | Reached skill level 5 in Maces & Flails
  5016 | D:4      | Reached skill level 5 in Dodging
  5645 | D:5      | Found a radiant altar of Vehumet.
  5708 | D:5      | Noticed an ice beast
  5712 | D:5      | Reached XP level 7. HP: 59/59 MP: 10/10
  6334 | D:6      | Reached skill level 10 in Stealth
  6334 | D:6      | Reached XP level 8. HP: 47/67 MP: 12/12
  6401 | D:6      | Slain by an ogre

Illustrated notes

Levels and vault maps discovered:
D:1:      dpeg_arrival_chambers_temple_mockup, layout_basic
D:2:      layout_rooms, overflow_temple_1_default
D:3:      layout_basic, minmay_vboxes
D:4:      layout_basic, fedhas_altar_3
D:5:      layout_basic, basic_altar, portal_sewer_entry_f,
          ebering_dispersal_statue_hall
D:6:      minmay_bubble_buster, layout_rooms, minmay_temple_entry_proselytizer,
          eino_small_chamber_without_monster

Skill      XL: |  1  2  3  4  5  6  7 |
---------------+----------------------+-----
Stealth        | 10 | 10.0
Invocations    | 1 2 3 |  3.2
Short Blades   | 1 2 |  2.9
Long Blades    | 1 2 |  2.9
Axes           | 1 2 |  2.9
Polearms       | 1 2 |  2.9
Staves         | 1 2 |  2.9
Slings         | 1 2 |  2.9
Bows           | 1 2 |  2.9
Crossbows      | 1 2 |  2.9
Throwing       | 1 2 |  2.9
Armour         | 1 2 |  2.9
Shields        | 1 2 |  2.9
Unarmed Combat | 1 2 |  2.9
Spellcasting   | 1 2 |  2.9
Evocations     | 1 2 |  2.9
Conjurations   | 1 2 |  2.3
Hexes          | 1 2 |  2.3
Summonings     | 1 2 |  2.3
Necromancy     | 1 2 |  2.3
Translocations | 1 2 |  2.3
Transmutations | 1 2 |  2.3
Fire Magic     | 1 2 |  2.3
Ice Magic      | 1 2 |  2.3
Air Magic      | 1 2 |  2.3
Earth Magic    | 1 2 |  2.3
Poison Magic   | 1 2 |  2.3
Maces & Flails | 5 |  5.4
Dodging        | 5 |  5.4
Fighting       | 7 |  7.2

Action                   |  1- 3 |  4- 6 |  7- 9 || total
-------------------------+-------+-------+-------++-------
Melee: Mace              |   131 |   135 |       ||   266
       Bite              |    15 |    36 |     9 ||    60
       Trident           |       |   145 |     1 ||   146
       Whip              |       |    18 |   114 ||   132
Throw: Stone             |       |     9 |       ||     9
  Use: Scroll            |     2 |     9 |     3 ||    14
 Stab: Sleeping          |     4 |     7 |       ||    11
       Distracted        |       |     3 |     1 ||     4
Armor: Leather armour    |    73 |       |       ||    73
       Ring mail         |       |    56 |       ||    56
       Chain mail        |       |    45 |    45 ||    90
Dodge: Dodged            |   187 |   194 |    38 ||   419

Table legend: (Time is in decaauts)
 A = Elapsed time spent in this place.
 B = Non-inter-level travel time spent in this place.
 C = Inter-level travel time spent in this place.
 D = Time resting spent in this place.
 E = Time spent auto-exploring this place.
 F = Levels seen in this place.
 G = Mean time per level.
                   A        B        C        D        E       F      G
               +--------+--------+--------+--------+--------+-----+--------+
         Total |   6629 |   6485 |    144 |   1402 |   3483 |   7 |  947.0 |
       Dungeon |   5159 |   5015 |    144 |    758 |   3025 |   6 |  859.8 |
         Sewer |   1470 |   1470 |      0 |    644 |    458 |   1 | 1470.0 |
               +--------+--------+--------+--------+--------+-----+--------+

Top non-repeatable levels by time:
     D:4: 1549 daAuts
   Sewer: 1470 daAuts
     D:5: 1021 daAuts
     D:2: 849 daAuts
     D:1: 782 daAuts
     D:3: 736 daAuts
     D:6: 220 daAuts
